 Seeded DCSS version 0.30-a0-389-g8d7d949f56 (webtiles) character file.

Game seed: 9890747901145388189 (custom seed)

870 flotson the Sneak (level 7, -1/55 HPs)
             Began as a Demonspawn Delver on Dec 3, 2022.
             Slain by a white imp (4 damage)
             ... on level 5 of the Dungeon.
             The game lasted 00:06:48 (4368 turns).

flotson the Sneak (Demonspawn Delver)               Turns: 4368, Time: 00:06:49

Health: -1/55      AC:  6    Str: 21    XL:     7   Next: 73%
Magic:  7/7        EV: 12    Int: 11    God:
Gold:   360        SH:  0    Dex: 14    Spells: 6/6 levels left

rFire   . . .      SeeInvis .    A - +0 halberd
rCold   . . .      Faith    .    (shield currently unavailable)
rNeg    + . .      Spirit   .    m - +0 ring mail
rPois   .          Reflect  .    (no helmet)
rElec   .          Harm     .    (no cloak)
rCorr   .          Rampage  .    (no gloves)
Will    .....                    h - +0 pair of boots
Stlth   ++........               (no amulet)
HPRegen 0.29/turn                w - ring of positive energy
MPRegen 0.20/turn                q - +6 ring of strength

@: no status effects
A: foul stench 2, magic regeneration
a: no special abilities


You were on level 5 of the Dungeon.
You visited 1 branch of the dungeon, and saw 5 of its levels.

You collected 360 gold pieces.

Inventory:

Hand Weapons
 a - a +0 spear
 y - a +0 war axe
 A - a +0 halberd (weapon)
Missiles
 o - 5 poisoned darts
 r - 5 boomerangs (quivered)
Armour
 h - a +0 pair of boots (worn)
 j - a +0 leather armour of fire resistance
 m - a +0 ring mail (worn)
Jewellery
 q - a +6 ring of strength (right hand)
 t - a ring of ice
 w - a ring of positive energy (left hand)
Wands
 g - a wand of digging (1)
 z - a wand of mindburst (5)
Scrolls
 b - 11 scrolls of identify {unknown}
 c - a scroll of fog
 e - 3 scrolls of fear
 f - 3 scrolls of enchant weapon {unknown}
 i - 2 scrolls of noise {unknown}
 k - 2 scrolls of immolation {unknown}
 l - 2 scrolls of enchant armour {unknown}
 u - a scroll of summoning {unknown}
 v - 2 scrolls of amnesia {unknown}
 x - 2 scrolls of blinking {unknown}
 B - a scroll of teleportation {unknown}
Potions
 d - a potion of berserk rage {unknown}
 n - 2 potions of ambrosia {unknown}
 p - 3 potions of flight {unknown}
 s - 2 potions of curing {unknown}
 C - a potion of heal wounds {unknown}


   Skills:
 + Level 4.8 Fighting
 - Level 1.7 Polearms
 + Level 3.0 Throwing
 + Level 3.2 Armour
 + Level 3.9 Dodging
 - Level 5.0 Stealth
 + Level 3.6 Evocations


You had 6 spell levels left.
You didn't know any spells.
Your spell library contained the following spells:

 Spells                   Type           Power      Damage    Failure   Level
 Blink                    Tloc           0%         N/A       65%         2
 Kindle Blastsparks       Fire/Tloc/Air  0%         2d10      86%         3
 Manifold Assault         Tloc           0%         N/A       99%         4
 Summon Lightning Spire   Summ/Air       0%         N/A       99%         4
 Lightning Bolt           Conj/Air       0%         1d11      100%        5
 Storm Form               Tmut/Air       0%         N/A       100%        7


Dungeon Overview and Level Annotations

Branches:
Dungeon (5/15)
 Temple: D:4-7

Altars:
Fedhas
Sif Muna
Yredelemnul

Shops:
D:3 (*=

Annotations:
D:4 3 runed translucent doors, arthad's ghost, amateur GnWn


Innate Abilities, Weirdness & Mutations

You sometimes emit foul miasma when damaged in melee.
You regenerate magic rapidly.


Message History

The ice beast is severely wounded.
The ice beast is engulfed in dark miasma.
The ice beast seems to slow down.
The ice beast hits you but does no damage.
The ice beast is engulfed in dark miasma.
The ice beast seems to slow down.
You kill the ice beast!
The white imp shouts, "Quit, thou goatish two-tin-hat haggard!"
Your Throwing skill increases to level 3!
You barely miss the white imp.
The white imp hits you but does no damage.
You closely miss the white imp. The white imp gestures at you.
The puff of frost hits you!
You closely miss the white imp. The white imp gestures at you.
The puff of frost hits you! The white imp barely misses you.
You barely miss the white imp. The white imp misses you.
You hit the white imp but do no damage. The white imp misses you.
The white imp gestures at you. The puff of frost hits you!
* * * LOW HITPOINT WARNING * * *
You puncture the white imp!
The white imp is severely wounded.
The white imp lashes its tail.
The white imp gestures at you. The puff of frost hits you.
* * * LOW HITPOINT WARNING * * *
You barely miss the white imp.
The white imp is severely wounded.
The white imp sputters.
The white imp gestures at you. The puff of frost hits you.
* * * LOW HITPOINT WARNING * * *
You closely miss the white imp.
The white imp is severely wounded.
The white imp barely misses you. The white imp hits you.
* * * LOW HITPOINT WARNING * * *
The white imp freezes you.
You die...

###.######.......##
##...####.........#
#.......+.........+
##...####.........#
#..## #.......# #.##
#.....# #.# #...#
#.# ##5## #.#
#@####### #.#
#.......# #.#
##.#####.# #.#
##...## #.#
#.....###.# #.#####
##......... #.....#
##.#.###.#
#####.######.#.###.#
#..............#


You could see a white imp.

Vanquished Creatures
  Sigmund (D:4)
  An ice beast (D:5)
  An ogre (D:5)
  2 phantoms
  2 necrophages
  A bullfrog (D:3)
  3 gnolls (D:4)
  7 adders
  A shadow imp (D:4)
  A worm (D:2)
  2 dart slugs
  8 orcs
  5 ball pythons
  9 endoplasms
  3 giant cockroaches (D:3)
  4 goblins
  6 hobgoblins
  6 jackals
  6 kobolds
  2 quokkas
  6 bats
  7 frilled lizards
  2 rats (D:3)
86 creatures vanquished.

Notes
Turn   | Place    | Note
-------+----------+-------------------------------------------
     0 | D:5      | flotson the Demonspawn Delver began the quest for the Orb.
     0 | D:5      | Reached XP level 1. HP: 18/18 MP: 1/1
    67 | D:5      | Noticed an ogre
    99 | D:5      | Gained mutation: You may rarely emit foul miasma when
                  | damaged in melee. [demonic ancestry]
    99 | D:5      | Reached XP level 2. HP: 11/24 MP: 2/2
   130 | D:5      | Noticed a phantom
   288 | D:4      | Noticed a phantom
   310 | D:4      | Found a runed translucent gate.
   361 | D:3      | Noticed a bullfrog
   374 | D:3      | Found Wothodyne's Weapon Shop.
   539 | D:2      | Reached skill level 1 in Evocations
   539 | D:2      | Reached XP level 3. HP: 29/29 MP: 3/3
   663 | D:2      | Reached skill level 1 in Armour
  1144 | D:2      | Found a basalt altar of Yredelemnul.
  1378 | D:2      | Gained mutation: You regenerate magic rapidly. [demonic
                  | ancestry]
  1378 | D:2      | Reached XP level 4. HP: 23/35 MP: 4/4
  1425 | D:2      | Got the Atlas of Breath
  2048 | D:3      | Killed a bullfrog
  2049 | D:3      | Reached skill level 1 in Throwing
  2049 | D:3      | Reached skill level 5 in Stealth
  2049 | D:3      | Reached XP level 5. HP: 24/41 MP: 5/5
  2271 | D:3      | Found Atahys's Assorted Antiques.
  2489 | D:3      | Found Ukoig's Jewellery Emporium.
  2790 | D:3      | Found a shimmering blue altar of Sif Muna.
  2865 | D:3      | Killed a phantom
  2983 | D:4      | Gained mutation: You sometimes emit foul miasma when
                  | damaged in melee. [demonic ancestry]
  2983 | D:4      | Reached XP level 6. HP: 37/48 MP: 6/6
  3290 | D:4      | Found a runed translucent gate.
  3302 | D:4      | Noticed Sigmund
  3317 | D:4      | Killed Sigmund
  3568 | D:4      | Found a runed translucent gate.
  3602 | D:4      | Noticed an ice beast
  3632 | D:4      | Reached XP level 7. HP: 52/55 MP: 7/7
  3735 | D:4      | Noticed arthad's ghost (amateur GnWn)
  4233 | D:5      | Found a blossoming altar of Fedhas.
  4368 | D:5      | Slain by a white imp

Illustrated notes

Levels and vault maps discovered:
D:1:      minmay_arrival_glassed_features, layout_rooms, serial_bayou_crossing
D:2:      layout_basic, basic_altar, minmay_misc_feat_alley, minmay_tromino_v4_c
D:3:      layout_basic, lemuel_blue_sif_altar, serial_shops, shop,
          nicolae_shop_stone, shop
D:4:      layout_layer_cave, zin_treasury, gammafunk_ghost_icy,
          nicolae_elevator_lobby_plus, uniq_sigmund
D:5:      layout_loops_corners, mainiacjoe_overflow_large_starburst,
          minmay_temple_entry_butterflies, grunt_ministairs_2,
          minmay_misc_feat_secret_circle, minmay_hollow_rounded_squares

Skill      XL: |  1  2  3  4  5  6  7 |
---------------+----------------------+-----
Dodging        | 2 3 |  3.9
Evocations     | 1 2 3 |  3.6
Armour         | 1 2 3 |  3.2
Throwing       | 1 2 3 |  3.0
Stealth        | 5 |  5.0
Fighting       | 4 |  4.8
Polearms       | |  1.7

Action                   |  1- 3 |  4- 6 |  7- 9 || total
-------------------------+-------+-------+-------++-------
Melee: Spear             |   182 |    43 |       ||   225
       Punch             |     1 |     1 |       ||     2
       War axe           |       |   103 |       ||   103
       Halberd           |       |     7 |    48 ||    55
Throw: Boomerang         |       |     1 |       ||     1
Evoke: Wand              |     1 |       |     1 ||     2
  Use: Scroll            |     2 |       |       ||     2
       Potion            |     1 |       |       ||     1
 Stab: Sleeping          |     6 |     3 |     1 ||    10
Armor: Leather armour    |    34 |       |       ||    34
       Ring mail         |    21 |    48 |    15 ||    84
Dodge: Dodged            |   103 |    94 |    29 ||   226

Table legend: (Time is in decaauts)
 A = Elapsed time spent in this place.
 B = Non-inter-level travel time spent in this place.
 C = Inter-level travel time spent in this place.
 D = Time resting spent in this place.
 E = Time spent auto-exploring this place.
 F = Levels seen in this place.
 G = Mean time per level.
                   A        B        C        D        E       F      G
               +--------+--------+--------+--------+--------+-----+--------+
         Total |   4424 |   4333 |     91 |      0 |   3298 |   5 |  884.8 |
       Dungeon |   4424 |   4333 |     91 |      0 |   3298 |   5 |  884.8 |
               +--------+--------+--------+--------+--------+-----+--------+

Top non-repeatable levels by time:
     D:4: 1336 daAuts
     D:2: 1066 daAuts
     D:3: 1005 daAuts
     D:5: 556 daAuts
     D:1: 459 daAuts
